 Dungeon Crawl Stone Soup version 0.19.3-1-g3169bf9 (console) character file.

187 Grinner the Cudgeler (level 5, -3/54 HPs)
             Began as an Ogre Monk on Jan 26, 2017.
             Slain by daryashkoh's ghost (8 damage)
             ... on level 4 of the Dungeon.
             The game lasted 00:03:52 (1958 turns).

Grinner the Cudgeler (Ogre Monk)                    Turns: 1958, Time: 00:03:53

Health: -3/54      AC:  3    Str: 17    XL:     5   Next: 66%
Magic:  5/5        EV: 16    Int:  9    God:
Gold:   204        SH:  0    Dex: 12    Spells: 0 memorised, 4 levels left

rFire  . . .     SeeInvis .     a - +0 morningstar
rCold  . . .     Gourm    .     b - +0 robe
rNeg   . . .     Faith    .     (no shield)
rPois  .         Spirit   .     (helmet restricted)
rElec  .         Reflect  .     (no cloak)
rCorr  .         Harm     +     (gloves unavailable)
MR     +....     Rnd*Rage +     (boots unavailable)
Stlth  ++........               k - amulet of harm
                                n - ring of protection from magic
                                e - +5 ring of evasion

@: no status effects
A: unfitting armour, berserk 1, tough skin 1
a: no special abilities


You were on level 4 of the Dungeon.
You were hungry.

You visited 1 branch of the dungeon, and saw 4 of its levels.

You collected 204 gold pieces.

Inventory:

Hand Weapons
 a - a +0 morningstar (weapon)
Armour
 b - a +0 robe (worn)
Jewellery
 e - a +5 ring of evasion (left hand)
 f - an uncursed ring of see invisible
 k - an amulet of harm (around neck)
 n - a ring of protection from magic (right hand)
Scrolls
 d - 3 scrolls of identify {unknown}
 g - a scroll of amnesia {unknown}
 h - a scroll of recharging {unknown}
 j - 2 scrolls of remove curse {unknown}
Comestibles
 c - 3 bread rations
 i - 2 meat rations
 m - a beef jerky


   Skills:
 - Level 4.0 Fighting
 * Level 7.0 Maces & Flails
 + Level 3.9 Dodging
 - Level 1.4 Stealth


You had 4 spell levels left.
You didn't know any spells.

Dungeon Overview and Level Annotations

Branches:
Dungeon (4/15)
 Temple: D:4-7

Altars:

Annotations:
D:4 daryashkoh's ghost, amateur CeMo


Innate Abilities, Weirdness & Mutations

You are too large for most types of armour.
You have tough skin. (AC +1)
You tend to lose your temper in combat.


Message History

Daryashkoh's ghost misses you.
You hit daryashkoh's ghost.
Daryashkoh's ghost is heavily damaged.
Daryashkoh's ghost hits you!
* * * LOW HITPOINT WARNING * * *
It was a potion of heal wounds.
You feel much better. Daryashkoh's ghost barely misses you.
It was a potion of mutation.
You feel extremely strange.
You feel a little pissed off.
Thin metallic scales grow over part of your body.
Your thin metallic scales disappear.
Daryashkoh's ghost barely misses you.
You closely miss daryashkoh's ghost.
Daryashkoh's ghost is heavily damaged.
Daryashkoh's ghost hits you! x2
* * * LOW HITPOINT WARNING * * *
You hit daryashkoh's ghost.
Daryashkoh's ghost is severely damaged.
Daryashkoh's ghost hits you!
You die...

#.# #.# #.#
#######.#
........###
..........####.#
#..<.l.....#
#...#W######
#..##@# #.....#
#..#### #.. #..
#s.


You could see an iguana and daryashkoh's ghost.

Vanquished Creatures
  An orc wizard (D:3)
  Terence (D:3)
  5 adders
  2 oozes
  2 dart slugs
  2 leopard geckos
  10 orcs (D:3)
  2 giant cockroaches
  9 hobgoblins
  4 jackals (D:1)
  A ball python (D:2)
  7 bats
  2 frilled lizards
  4 goblins
  10 kobolds
  2 rats
64 creatures vanquished.

Notes
Turn   | Place    | Note
-------+----------+-------------------------------------------
     0 | D:1      | Grinner the Ogre Monk began the quest for the Orb.
     0 | D:1      | Reached XP level 1. HP: 24/24 MP: 1/1
   109 | D:1      | Reached XP level 2. HP: 31/32 MP: 2/2
   516 | D:1      | Reached skill level 5 in Maces & Flails
   633 | D:2      | Reached XP level 3. HP: 38/39 MP: 3/3
   798 | D:2      | Reached XP level 4. HP: 31/48 MP: 4/4
  1227 | D:3      | Reached skill level 6 in Maces & Flails
  1324 | D:3      | Reached XP level 5. HP: 36/54 MP: 5/5
  1739 | D:3      | Noticed Terence
  1747 | D:3      | Killed Terence
  1835 | D:3      | Reached skill level 7 in Maces & Flails
  1942 | D:4      | Noticed daryashkoh's ghost (amateur CeMo)
  1956 | D:4      | Gained mutation: You tend to lose your temper in combat. [potion of mutation]
  1956 | D:4      | Gained mutation: You are partially covered in thin metallic scales. (AC +2) [potion of mutation]
  1956 | D:4      | Lost mutation: You are partially covered in thin metallic scales. (AC +2) [potion of mutation]
  1958 | D:4      | Slain by daryashkoh's ghost

Skill      XL: |  1  2  3  4  5 |
---------------+----------------+-----
Maces & Flails | 5 6 7 |  7.0
Dodging        | 3 |  3.9
Fighting       | |  4.0
Stealth        | |  1.4

Action                   |  1- 3 |  4- 6 || total
-------------------------+-------+-------++-------
Melee: Mace              |    76 |    75 ||   151
       Morningstar       |       |    43 ||    43
  Use: Potion            |       |     2 ||     2
 Stab: Sleeping          |     2 |     2 ||     4
       Distracted        |       |     1 ||     1
  Eat: Chunk             |       |     3 ||     3
Armor: Robe              |    15 |    12 ||    27
Dodge: Dodged            |    59 |   100 ||   159
